 Dungeon Crawl Stone Soup version 0.27-a0-811-ga052575696 (webtiles) character file.

Game seed: 16677016684668303928

58 Harga the Skirmisher (level 3, -3/37 HPs)
             Began as a Troll Fighter on Mar 29, 2021.
             Slain by Sigmund
             ... wielding a +0 scythe
              (4 damage)
             ... on level 2 of the Dungeon.
             The game lasted 00:17:10 (1399 turns).

Harga the Skirmisher (Troll Fighter)                Turns: 1399, Time: 00:17:11

Health: -3/37      AC:  8    Str: 25    XL:     3   Next: 76%
Magic:  2/2        EV:  8    Int:  4    God:
Gold:   93         SH:  9    Dex:  9    Spells: 2/2 levels left

rFire    . . .     SeeInvis .   h - +4 whip
rCold    . . .     Faith    .   c - +0 kite shield
rNeg     . . .     Spirit   .   b - +0 robe
rPois    .         Reflect  .   (helmet restricted)
rElec    .         Harm     .   (no cloak)
rCorr    .         Rampage  .   (gloves unavailable)
Will     .....                  (boots unavailable)
Stlth    +.........             (no amulet)
HPRegen  1.12/turn              i - +4 ring of protection
MPRegen  0.08/turn              (no ring)

@: very slightly contaminated, invisible
A: large, unfitting armour, claws 3, regeneration 1, shaggy fur 1, tough skin 1
a: no special abilities


You were on level 2 of the Dungeon.
You visited 1 branch of the dungeon, and saw 2 of its levels.

You collected 93 gold pieces.

Inventory:

Hand Weapons
 a - a +0 flail
 h - a +4 whip (weapon)
Missiles
 e - 4 poisoned darts (quivered)
Armour
 b - a +0 robe (worn)
 c - a +0 kite shield (worn)
Jewellery
 i - a +4 ring of protection (left claw)
 l - an amulet of magic regeneration
Scrolls
 j - a scroll of identify
 n - a scroll of amnesia {unknown}
Potions
 d - a potion of might
 f - a potion of lignification
 k - a potion of heal wounds {unknown}
 m - a potion of berserk rage {unknown}


   Skills:
 + Level 3.0 Fighting
 + Level 2.1 Maces & Flails
 + Level 2.8 Dodging
 + Level 2.7 Shields
 + Level 0.4 Spellcasting


You had 2 spell levels left.
You didn't know any spells.
Your spell library contained the following spells:

 Spells                   Type           Power      Damage    Failure   Level
 Confusing Touch          Hex            0%         N/A       99%         3
 Gell's Gravitas          Tloc           0%         N/A       99%         3
 Petrify                  Tmut/Erth      0%         N/A       100%        4
 Metabolic Englaciation   Hex/Ice        0%         N/A       100%        5
 Yara's Violent Unravell  Hex/Tmut       0%         3d3       100%        5


Dungeon Overview and Level Annotations

Branches:
Dungeon (2/15)

Altars:
Vehumet

Annotations:
D:2 Sigmund


Innate Abilities, Weirdness & Mutations

You are too large for most types of armour.
You have claws for hands.
Your natural rate of healing is unusually fast.
You are covered in fur. (AC +1)
You have tough skin. (AC +1)


Message History

Throw: 5 darts (poison)
Press: ? - help, Q - select action Shift-Dir - straight line, f - worm
Aim: a worm (75% to hit)
You throw a poisoned dart. The poisoned dart hits the worm.
The worm is poisoned.
You hit the worm.
The worm is lightly wounded.
Something hits you. The worm bites you.
You hit the worm.
The worm is moderately wounded.
You block something's attack.
You hit the worm.
The worm is severely wounded.
Something hits you! The worm bites you.
You whack the worm!
You kill the worm!
You hear some strange, mumbled words.
You are confused.
Press: ? - help, v - describe, . - travel, g - get item Item here: a poisoned dart.
The floor.
You bump into the rock wall.
Something hits you! Something hits you.
You bump into the rock wall.
Something hits you.
You bump into the rock wall.
Something hits you!
* * * LOW HITPOINT WARNING * * *
It was a potion of invisibility.
You fade into invisibility!
Something completely misses you.
You are very lightly contaminated with residual magic.
You bump into the rock wall.
Something hits you but does no damage.
You feel less confused. Something hits you.
* * * LOW HITPOINT WARNING * * *
You completely miss something. Something hits you.
* * * LOW HITPOINT WARNING * * *
You barely miss something. Something hits you.
* * * LOW HITPOINT WARNING * * *
Something hits you.
You die...

## ## ##. .### #
..#... ##.# ...#
#....#####.# #####
#{@....#
##...##.#####.#######
##.....## #......(.
###.......# #.##.####
#....._...### #.##.#
#.#.......#.# #.##.#
#.##.....##.####.##.#
#.###...##....#...#.#
#...#####.......#...#


There were no monsters in sight!

Vanquished Creatures
  A worm (D:2)
  2 dart slugs (D:1)
  7 ball pythons
  2 endoplasms (D:1)
  3 giant cockroaches (D:1)
  A goblin (D:1)
  3 hobgoblins (D:1)
  11 jackals (D:1)
  3 quokkas
  4 bats
  2 frilled lizards (D:1)
  3 kobolds (D:1)
  3 rats (D:1)
45 creatures vanquished.

Vanquished Creatures (others)
  A plant (D:1)
1 creature vanquished.

Grand Total: 46 creatures vanquished

Notes
Turn   | Place    | Note
-------+----------+-------------------------------------------
     0 | D:1      | Harga the Troll Fighter began the quest for the Orb.
     0 | D:1      | Reached XP level 1. HP: 22/22 MP: 0/0
   162 | D:1      | Reached XP level 2. HP: 29/29 MP: 1/1
   486 | D:1      | Reached XP level 3. HP: 36/36 MP: 2/2
  1209 | D:2      | Found a radiant altar of Vehumet.
  1218 | D:2      | Reached skill level 3 in Fighting
  1381 | D:2      | Noticed Sigmund
  1399 | D:2      | HP: 1/37 [something (4)]
  1399 | D:2      | Slain by Sigmund

Illustrated notes

Levels and vault maps discovered:
D:1:      dpeg_arrival_orchard, layout_basic, corexii_leaking_fountain,
          minmay_indecisive_spiral
D:2:      layout_loops_ring, lemuel_round_altar, nicolae_wu_jian_wuxing_cycle,
          minmay_unequal, uniq_sigmund

Skill      XL: |  1  2  3 |
---------------+----------+-----
Maces & Flails | 2 |  2.1
Fighting       | 3 |  3.0
Dodging        | |  2.8
Shields        | |  2.7
Spellcasting   | |  0.4

Action                   || total
-------------------------++-------
Melee: Flail             ||    24
       Whip              ||   100
Throw: Stone             ||     2
       Dart              ||     1
  Use: Scroll            ||     1
       Potion            ||     1
Armor: Robe              ||    40
Dodge: Dodged            ||    35
Block: Kite shield       ||    56

Table legend: (Time is in decaauts)
 A = Elapsed time spent in this place.
 B = Non-inter-level travel time spent in this place.
 C = Inter-level travel time spent in this place.
 D = Time resting spent in this place.
 E = Time spent auto-exploring this place.
 F = Levels seen in this place.
 G = Mean time per level.
                   A        B        C        D        E       F      G
               +--------+--------+--------+--------+--------+-----+--------+
         Total |   1433 |   1433 |      0 |      0 |    834 |   2 |  716.5 |
       Dungeon |   1433 |   1433 |      0 |      0 |    834 |   2 |  716.5 |
               +--------+--------+--------+--------+--------+-----+--------+

Top non-repeatable levels by time:
     D:1: 1198 daAuts
     D:2: 234 daAuts
